 Dungeon Crawl Stone Soup version 0.27-a0-380-g150de4c316 (webtiles) character file.

Game seed: 3982712436223961736

864018 hellse the Bringer of Light (level 27, -3/180 HPs)
             Began as a Vine Stalker Fighter on Feb 17, 2021.
             Was the Champion of the Shining One.
             Killed from afar by a hellion (19 damage)
             ... with damnation
             ... in Pandemonium.
             The game lasted 02:53:25 (65140 turns).

hellse the Bringer of Light (Vine Stalker Fighter) Turns: 65140, Time: 02:53:25

Health: -3/180     AC: 43    Str: 32    XL:     27
Magic:  0/41       EV: 16    Int:  8    God:    the Shining One [******]
Gold:   3349       SH: 25    Dex: 23    Spells: 24/26 levels left

rFire    + + .     SeeInvis .     - Unarmed
rCold    + + +     Faith    .   D - +1 tower shield of the Alphagorgon {rC- Regen+ rCorr Dex+4}
rNeg     + + +     Spirit   +   O - +12 gold dragon scales
rPois    +         Reflect  .   L - -2 hat of the Alchemist {rElec rPois rF+ rC+ rN+ Will+ rMut rCorr}
rElec    +         Harm     .   x - +0 cloak "Loalui" {+Fly rC+}
rCorr    +         Rampage  .   a - +2 pair of gloves {Str+3}
rMut     +                      S - +2 pair of boots of Sorcery {rElec rC+ rN+ Str+4}
Will     ++++.                  h - amulet of Vitality {Regen+ HP+15}
Stlth    ..........             r - +4 ring of slaying
HPRegen  3.40/turn              y - +4 ring of slaying
MPRegen  0.27/turn

@: glowing, studying 3 skills
A: fangs 3, regeneration 1, weak 1, magic shield, antimagic bite, no potion heal
3
}: 6/15 runes: decaying, slimy, silver, abyssal, demonic, gossamer
a: Renounce Religion, Evoke Flight, Divine Shield, Cleansing Flame, Summon
Divine Warrior, Brand Weapon With Holy Wrath


You were in Pandemonium.
You worshipped the Shining One.
The Shining One was exalted by your worship.
You visited 13 branches of the dungeon, and saw 55 of its levels.
You visited Pandemonium 2 times, and saw 7 of its levels.
You visited the Abyss 5 times.
You visited 1 ziggurat, and saw 13 of its levels.
You also visited: Trove, Gauntlet and Volcano.

You collected 9230 gold pieces.
You spent 5881 gold pieces at shops.

Inventory:

Missiles
 o - 21 silver javelins
 E - 51 javelins (quivered)
Armour
 a - a +2 pair of gloves of strength (worn)
 f - a +1 pair of boots of flying
 x - the +0 cloak "Loalui" (worn) {+Fly rC+}
   (You found it on level 3 of the Elven Halls)

   It protects you from cold.
   It lets you fly.
 D - the +1 tower shield of the Alphagorgon (worn) {rC- Regen+ rCorr Dex+4}
   (You took it off Mennas on level 1 of the Tomb of the Ancients)

   It affects your dexterity (+4).
   It makes you vulnerable to cold.
   It increases your rate of regeneration.
   It provides partial protection from all sources of acid and corrosion.
 G - the +2 pair of boots of Watchfulness {Will+}
   (You bought it in a shop on level 2 of the Orcish Mines)

   It affects your willpower, your defense against some magical effects.
 L - the -2 hat of the Alchemist (worn) {rElec rPois rF+ rC+ rN+ Will+ rMut rCorr}
   (You found it on level 1 of the Depths)

   It protects you from fire.
   It protects you from cold.
   It insulates you from electricity.
   It protects you from poison.
   It protects you from negative energy.
   It affects your willpower, your defense against some magical effects.
   It provides partial protection from all sources of acid and corrosion.
   It protects you from mutation.
 O - +12 gold dragon scales (worn)
 R - a +2 kite shield of cold resistance
 S - the +2 pair of boots of Sorcery (worn) {rElec rC+ rN+ Str+4}
   (You found it on level 6 of a ziggurat)

   It affects your strength (+4).
   It protects you from cold.
   It insulates you from electricity.
   It protects you from negative energy.
Jewellery
 b - the ring of the Trilobite {rElec Str+6}
   (You acquired it on level 15 of the Dungeon)

   [ring of strength]

   It affects your strength (+6).
   It insulates you from electricity.
 h - the amulet of Vitality (around neck) {Regen+ HP+15}
   (You found it on level 5 of the Pits of Slime)

   [amulet of regeneration]

   It affects your health (+15).
   It increases your rate of regeneration.
 r - a +4 ring of slaying (left hand)
 t - the ring of Knowledge {rF+ rCorr MP+9 Str-4 Int+6}
   (You took it off a tengu reaver on level 4 of the Depths)

   [ring of resist corrosion]

   It affects your strength (-4).
   It affects your intelligence (+6).
   It protects you from fire.
   It affects your magic capacity (+9).
   It provides partial protection from all sources of acid and corrosion.
 y - a +4 ring of slaying (right hand)
 I - a ring of protection from fire
 Y - the ring of Vasacoaq {rC+ rN+}
   (You found it on level 6 of a ziggurat)

   [ring of positive energy]

   It protects you from cold.
   It protects you from negative energy.
Wands
 g - a wand of digging (17)
 k - a wand of charming (33)
 m - a wand of acid (46)
 u - a wand of iceblast (37)
 C - a wand of mindburst (100)
 U - a wand of polymorph (44)
 V - a wand of paralysis (36)
Scrolls
 e - a scroll of blinking
 j - 15 scrolls of fog
 q - 2 scrolls of summoning
 s - 43 scrolls of teleportation
 w - 8 scrolls of fear
 F - 3 scrolls of silence
 J - 7 scrolls of enchant armour
 M - 10 scrolls of magic mapping
 T - 36 scrolls of identify
 Z - 3 scrolls of holy word
Potions
 c - 11 potions of might
 d - 30 potions of curing
 l - 9 potions of brilliance
 n - 3 potions of berserk rage
 p - 26 potions of attraction
 v - 16 potions of cancellation
 z - 4 potions of ambrosia
 A - 11 potions of haste
 B - 11 potions of mutation
 H - 5 potions of magic
 P - 11 potions of flight
 X - 5 potions of resistance
Miscellaneous
 i - a tin of tremorstones (2/2)
 K - a lightning rod (4/4)
 N - a box of beasts
 Q - a phial of floods
 W - a phantom mirror


   Skills:
 - Level 23.4 Fighting
 - Level 12.0 Throwing
 - Level 21.9 Armour
 - Level 12.6 Dodging
 + Level 17.8 Shields
 - Level 24.8 Unarmed Combat
 O Level 27 Invocations
 - Level 8.8 Evocations


You had 24 spell levels left.
You knew the following spells:

 Your Spells              Type           Power        Failure   Level
a - Blink                 Tloc           N/A          100%        2

Your spell library contained the following spells:

 Spells                   Type           Power        Failure   Level
 Animate Skeleton         Necr           0%           100%        1
 Apportation              Tloc           0%           100%        1
 Beastly Appendage        Tmut           0%           100%        1
 Corona                   Hex            0%           100%        1
 Foxfire                  Conj/Fire      0%           100%        1
 Magic Dart               Conj           0%           100%        1
 Pain                     Necr           0%           100%        1
 Shock                    Conj/Air       0%           100%        1
 Summon Small Mammal      Summ           0%           100%        1
 Corpse Rot               Necr/Air       N/A          100%        2
 Ensorcelled Hibernation  Hex/Ice        0%           100%        2
 Passwall                 Tmut/Erth      0%           100%        2
 Poisonous Vapours        Pois/Air       0%           100%        2
 Searing Ray              Conj           0%           100%        2
 Slow                     Hex            0%           100%        2
 Sublimation of Blood     Necr           0%           100%        2
 Swiftness                Air            0%           100%        2
 Wereblood                Tmut           0%           100%        2
 Confusing Touch          Hex            0%           100%        3
 Conjure Flame            Conj/Fire      0%           100%        3
 Dazzling Flash           Conj/Hex       0%           100%        3
 Gell's Gravitas          Tloc           0%           100%        3
 Ignite Poison            Fire/Tmut/Pois 0%           100%        3
 Inner Flame              Hex/Fire       0%           100%        3
 Lesser Beckoning         Tloc           0%           100%        3
 Mephitic Cloud           Conj/Pois/Air  0%           100%        3
 Portal Projectile        Hex/Tloc       0%           100%        3
 Spider Form              Tmut/Pois      0%           100%        3
 Static Discharge         Conj/Air       0%           100%        3
 Teleport Other           Tloc           0%           100%        3
 Tukima's Dance           Hex            0%           100%        3
 Vampiric Draining        Necr           0%           100%        3
 Airstrike                Air            0%           100%        4
 Animate Armour           Summ/Erth      0%           100%        4
 Animate Dead             Necr           0%           100%        4
 Cause Fear               Hex            0%           100%        4
 Dispel Undead            Necr           0%           100%        4
 Fulminant Prism          Conj/Hex       0%           100%        4
 Ice Form                 Ice/Tmut       0%           100%        4
 Iskenderun's Mystic Bla  Conj/Tloc      0%           100%        4
 Leda's Liquefaction      Hex/Erth       0%           100%        4
 Manifold Assault         Tloc           0%           100%        4
 Passage of Golubria      Tloc           N/A          100%        4
 Sticky Flame             Conj/Fire      0%           100%        4
 Summon Lightning Spire   Summ/Air       0%           100%        4
 Agony                    Necr           0%           100%        5
 Alistair's Intoxication  Tmut/Pois      0%           100%        5
 Blade Hands              Tmut           0%           100%        5
 Bolt of Magma            Conj/Fire/Erth 0%           100%        5
 Excruciating Wounds      Necr           0%           100%        5
 Fireball                 Conj/Fire      0%           100%        5
 Iskenderun's Battlesphe  Conj           0%           100%        5
 Lee's Rapid Deconstruct  Erth           0%           100%        5
 Lightning Bolt           Conj/Air       0%           100%        5
 Metabolic Englaciation   Hex/Ice        0%           100%        5
 Silence                  Hex/Air        0%           100%        5
 Summon Forest            Summ/Tloc      0%           100%        5
 Summon Mana Viper        Hex/Summ       0%           100%        5
 Yara's Violent Unravell  Hex/Tmut       0%           100%        5
 Conjure Ball Lightning   Conj/Air       0%           100%        6
 Dispersal                Tloc           0%           100%        6
 Freezing Cloud           Conj/Ice/Air   0%           100%        6
 Invisibility             Hex            0%           100%        6
 Iron Shot                Conj/Erth      0%           100%        6
 Shadow Creatures         Summ           N/A          100%        6
 Simulacrum               Ice/Necr       0%           100%        6
 Starburst                Conj/Fire      0%           100%        6
 Statue Form              Tmut/Erth      0%           100%        6
 Orb of Destruction       Conj           0%           100%        7
 Ozocubu's Refrigeration  Ice            0%           100%        7
 Spellforged Servitor     Conj/Summ      0%           100%        7
 Summon Hydra             Summ           0%           100%        7
 Disjunction              Tloc           0%           100%        8
 Ignition                 Fire           0%           100%        8
 Tornado                  Air            0%           100%        9


Dungeon Overview and Level Annotations

Branches:
Dungeon (15/15)            Temple (1/1) D:5            Lair (6/6) D:8
  Swamp (4/4) Lair:2       Spider (4/4) Lair:3        Slime (5/5) Lair:6
    Orc (2/2) D:12            Elf (3/3) Orc:2        Vaults (5/5) D:14
  Crypt (3/3) Vaults:3       Tomb (1/3) Crypt:3      Depths (5/5) D:15
   Hell (visited)             Dis (0/7) Hell            Geh (0/7) Hell
    Coc (0/7) Hell            Tar (0/7) Hell            Zot (0/5) Depths:5
Volcano (visited)         Gauntlet (visited)

Altars:
Ashenzari
Cheibriados
Dithmenos
Elyvilon
Fedhas
Gozag
Hepliaklqana
Kikubaaqudgha
Makhleb
Nemelex Xobeh
Okawaru
Qazlal
Ru
Sif Muna
Trog
Uskayaw
Vehumet
Wu Jian
Xom
Yredelemnul
Zin
The Shining One
Beogh
Jiyva

Shops:
D:4 =   D:15 ?=:*(   Orc:1 :   Orc:2 *[[   Elf:3 !**[   Vaults:4 [   Vaults:5 (
Depths:1 ([(=(

Portals:
Hell: Depths:1 Depths:2 Depths:3 Depths:4 Depths:5
Abyss: Swamp:3 Depths:2 Depths:4
Pandemonium: Depths:3


Innate Abilities, Weirdness & Mutations

You have razor-sharp teeth.
Your natural rate of healing is unusually fast.
When hurt, damage is shared between your health and your magic reserves.
Your bite disrupts and absorbs the magic of your enemies.
Potions cannot restore your health.
You are weak. (Str -2)


Message History

Unknown command.
Unknown command.
Unknown command.
Unknown command.
Unknown command.
Aiming: Iceblast
Press: ? - help, Shift-Dir - straight line, f - hellion
Aim: a hellion (haloed)
The mass of ice explodes!
The iceblast engulfs the hellion!
The hellion is heavily wounded.
The iceblast engulfs the hellion!!
The hellion is almost dead.
The iceblast engulfs the hellion!!
The hellion is heavily wounded.
The iceblast engulfs the hellion!!
The hellion is severely wounded.
The iceblast engulfs the hellion!!
The hellion is heavily wounded.
The iceblast engulfs the hellion!!
The hellion is severely wounded.
The hellion gestures at you.
The sphere of damnation explodes!
The damnation engulfs you!! The hellion gestures at you.
The sphere of damnation explodes!
The damnation engulfs you!! The hellion gestures at you.
The sphere of damnation explodes!
The damnation engulfs you!!!
* * * LOW HITPOINT WARNING * * *
A hellion comes into view.
The hellion gestures at you.
The sphere of damnation explodes!
The damnation engulfs you!!
* * * LOW HITPOINT WARNING * * *
The hellion gestures at you.
The sphere of damnation explodes!
The damnation engulfs you!! The Shining One protects you from harm!
The hellion gestures at you.
The sphere of damnation explodes!
The damnation engulfs you!! The Shining One protects you from harm!
The hellion gestures at you.
The sphere of damnation explodes!
The damnation engulfs you!!
You die...

#.#.......#..##.#.
##.#.......#..##.#.
########.............##.#.
........................#.
#.....#..#.......#.##..#.
#.....#..#.......#.##..#.
#.....'..................
##....#..########).......
######.@##...§§)§.###..#
#......§≈§≈§≈.##..#
.....≈≈§§§≈§b§≈.#...
###.#.≈≈≈≈≈≈§§§≈.#.#.
#.§≈§≈≈≈2≈≈≈≈≈≈..#.
#..§≈≈≈222.≈≈≈≈.. .
.?≈≈≈≈2222 ≈§≈≈.# ##
§§§2222


You could see 12 hellions.

Vanquished Creatures
  the Royal Jelly (Slime:5)
  A seraph (Pan)
  3 dread liches
  5 ancient liches
  Mennas (Tomb:1)
  Khufu (Crypt:1)
  2 juggernauts
  9 royal mummies
  Boris (thrice) (Depths:5 Crypt:1 Crypt:2)
  Sojobo (Crypt:3)
  3 pandemonium lords
  A shard shrike (Zig:11)
  The ghost of packetloss the Sorcerer, a veteran DEFE of Gozag (Depths:2)
  2 Killer Klowns (Zig:8)
  Saint Roka (Crypt:3)
  Nikola (Elf:1)
  9 golden dragons
  A caustic shrike (Depths:4)
  Geryon (Hell)
  Jory (Crypt:3)
  A profane servitor (Swamp:3)
  2 Tzitzimimeh (Pan)
  2 bone dragons
  An iron giant (Zig:7)
  2 hellephants
  6 tentacled monstrosities
  Rupert (D:15)
  3 Hell Sentinels
  11 liches
  Asterion (Spider:1)
  4 Ice Fiends
  12 deep elf blademasters
  21 titans
  23 acid blobs
  6 deep elf master archers
  9 quicksilver dragons
  Frances (D:14)
  Murray (Hell)
  10 sphinxes
  5 Executioners
  11 shadow dragons
  2 ancient champions
  The ghost of gimp the Eclecticist, an adept SpFE of Vehumet (Vaults:3)
  A thorn hunter (Swamp:4)
  Kirke (Swamp:4)
  The ghost of sraybest the Warrior, an adept MiBe of Trog (Swamp:3)
  10 tentacled starspawn
  13 storm dragons
  A nagaraja (Abyss:4)
  A fenstrider witch (Swamp:1)
  A storm dragon (shapeshifter) (Zig:8)
  Donald (Spider:1)
  10 tengu reavers
  A daeva (Abyss:1)
  5 revenants
  10 azure jellies
  A juggernaut zombie (Depths:2)
  An azure jelly (shapeshifter) (Vaults:5)
  5 ghost moths
  23 fire giants
  8 deep elf sorcerers
  24 frost giants
  3 iron dragons
  2 orc warlords (Vaults:3)
  3 draconian knights (Zig:11)
  A cacodemon (Hell)
  6 balrugs
  16 vault wardens
  12 deep elf elementalists
  2 warmongers (Pan)
  2 draconian shifters (Depths:5)
  9 ghouls
  2 emperor scorpions (Spider:4)
  A curse skull (Crypt:2)
  An angel (Pan)
  9 reapers
  13 ironheart preservers
  Louise (Spider:2)
  2 war gargoyles
  31 very ugly things
  19 vampire knights
  A caustic shrike skeleton (Depths:2)
  9 deep elf annihilators
  9 spriggan defenders
  5 ophanim (Pan)
  2 blood saints (Zig:10)
  32 stone giants
  3 black suns (Pan)
  4 white draconians
  A corrupter (Zig:10)
  4 red draconians
  5 lorocyprocas
  A juggernaut skeleton (Depths:3)
  Nessos (D:15)
  A green draconian (Depths:5)
  A minotaur (Gauntlet)
  A black draconian (Depths:5)
  10 entropy weavers
  12 deep elf demonologists
  A minotaur (shapeshifter) (Vaults:5)
  7 spark wasps
  4 bunyips
  11 deep elf death magi
  A merfolk javelineer (Zig:12)
  11 blizzard demons
  5 eidola
  10 mummy priests
  10 green deaths
  4 eleionomae
  16 ettins
  14 yaktaur captains
  17 fire dragons
  A crystal guardian (Vaults:4)
  10 deep elf high priests
  6 death oozes
  15 jiangshi
  3 merfolk impalers (Zig:12)
  3 shambling mangroves
  13 great orbs of eyes
  A great orb of eyes (shapeshifter) (Vaults:5)
  11 rakshasas
  11 spriggan air magi
  3 hell beasts
  A caustic shrike simulacrum (Depths:2)
  33 vault guards
  Erolcha (Orc:1)
  A boulder beetle (shapeshifter) (Vaults:5)
  14 ice dragons
  3 monstrous demonspawn (Pan)
  12 boulder beetles
  A naga warrior (Abyss:4)
  2 juggernaut simulacra (Pan)
  A merfolk avatar (Lair:6)
  31 hydras
  12 ogre magi
  A fenstrider witch skeleton (Crypt:1)
  37 two-headed ogres
  25 dancing weapons
  An alligator snapping turtle (Zig:12)
  3 alligators
  8 deep troll shamans
  2 ghost crabs (Swamp:4)
  7 death knights
  A queen ant (Spider:4)
  A merfolk aquamancer (Zig:12)
  28 death scarabs
  9 deep troll earth magi
  11 centaur warriors
  2 satyrs
  11 death yaks (Lair:6)
  16 tengu warriors
  10 vampire magi
  10 spriggan berserkers
  5 hell hogs
  13 thrashing horrors
  5 orc high priests
  33 deep elf knights
  3 iron trolls
  10 wretched stars
  26 hell knights
  A spectral death yak (Gauntlet)
  13 sun demons
  12 soul eaters
  A titan skeleton (Abyss:4)
  A spectral catoblepas (Gauntlet)
  A golden dragon zombie (Depths:4)
  6 spatial maelstroms
  4 shadow wraiths
  7 cherubim (Pan)
  3 death drakes
  The ghost of Tarl the Envoy of Void, a novice DsAK of Lugonu (D:9)
  10 sixfirhies
  A storm dragon skeleton (Depths:3)
  2 sea snakes (Lair:6)
  A quicksilver dragon simulacrum (Depths:3)
  2 shadow demons
  59 skeletal warriors
  An anaconda zombie (Crypt:3)
  3 unseen horrors
  An infernal demonspawn (Pan)
  2 salamander mystics
  7 bog bodies
  22 deep trolls
  2 gelid demonspawn (Pan)
  4 glowing orange brains
  6 spriggan druids
  3 goliath frogs
  An entropy weaver zombie (Crypt:2)
  2 lindwurms
  2 unseen horrors (shapeshifter)
  12 flayed ghosts
  23 deep elf archers
  A glowing orange brain (shapeshifter) (Vaults:5)
  14 necromancers
  A lindwurm (shapeshifter) (Vaults:5)
  A spectral hydra (Gauntlet)
  A harpy (shapeshifter) (D:14)
  34 deep elf zephyrmancers
  30 phantasmal warriors
  19 swamp dragons
  7 wizards
  41 deep elf pyromancers
  12 ironbrand convokers
  A goliath frog zombie (Crypt:2)
  22 orc knights
  An orb spider (shapeshifter) (Depths:2)
  A golden dragon skeleton (Hell)
  A fire giant zombie (Depths:2)
  An iron dragon zombie (Zig:7)
  31 wolf spiders
  8 orc sorcerers
  42 ugly things
  3 tengu skeletons
  13 orb spiders
  10 shining eyes
  7 harpies
  9 cyclopes
  7 will-o-the-wisps
  4 worldbinders
  2 stone giant zombies
  9 salamanders
  A moth of wrath (shapeshifter) (Vaults:1)
  7 manticores
  4 frost giant zombies
  9 moths of wrath
  10 vault sentinels
  A merfolk siren (Zig:12)
  12 rust devils
  A stone giant skeleton (Depths:2)
  A naga mage (Abyss:4)
  11 elephants
  A frost giant skeleton (Abyss:4)
  A dire elephant zombie (Crypt:3)
  6 ice statues
  4 orange demons
  2 guardian serpents (Abyss:4)
  A fire giant skeleton (Depths:2)
  2 torpor snails
  3 eyes of devastation
  8 black mambas
  16 smoke demons
  A gargoyle (D:15)
  5 water nymphs (Zig:12)
  5 apocalypse crabs
  21 cane toads
  Maggie (Lair:2)
  12 komodo dragons
  5 rime drakes
  3 centaur skeletons (D:12)
  54 yaktaurs
  12 hellions
  3 kobold demonologists
  A komodo dragon (shapeshifter) (Depths:1)
  5 efreet
  11 freezing wraiths
  18 ice devils
  7 hellwings
  2 tormentors (Abyss:4)
  15 demonic crawlers
  3 tengu conjurers (Depths:3)
  A golden dragon simulacrum (Depths:2)
  12 guardian mummies
  A meliai (shapeshifter) (Vaults:3)
  A silent spectre (Orc:1)
  A troll (shapeshifter) (Depths:1)
  A harpy zombie (Crypt:3)
  36 jumping spiders
  11 ancient zymes
  12 tyrant leeches
  7 red devils
  19 merfolk (Zig:12)
  17 trolls
  3 hydra zombies
  41 hornets
  An iron troll skeleton (Crypt:1)
  A polar bear (shapeshifter) (Vaults:1)
  4 wind drakes
  4 polar bears
  4 hydra skeletons (Hell)
  3 wind drakes (shapeshifter)
  A death drake zombie (Crypt:1)
  An ice dragon zombie (Crypt:3)
  A satyr zombie (Crypt:3)
  86 slime creatures
  11 blink frogs
  3 spriggan zombies
  A hornet (shapeshifter) (Elf:2)
  2 spectral guardian serpents (Crypt:2)
  A guardian serpent zombie (Crypt:3)
  18 raiju
  A blink frog (shapeshifter) (Depths:1)
  2 ettin zombies
  6 dream sheep (Lair:4)
  A snapping turtle (Zig:12)
  A fire dragon zombie (Crypt:3)
  3 alligator zombies
  A raiju (shapeshifter) (Depths:3)
  A guardian serpent skeleton (Crypt:2)
  A fire giant simulacrum (Depths:2)
  3 air elementals
  16 ynoxinuls
  90 redbacks
  14 flying skulls
  6 shadows
  32 tarantellas
  8 wyverns
  2 ettin skeletons
  3 vampires (Abyss:1)
  A spriggan (shapeshifter) (Elf:2)
  28 spriggans
  2 spriggan skeletons (Depths:2)
  4 hogs (Swamp:4)
  5 basilisks
  2 steam dragons (Zig:13)
  14 water elementals
  Grum (D:10)
  2 ushabtiu
  4 fire bats
  12 fire elementals
  63 yaks
  20 wraiths
  16 chaos spawn
  17 golden eyes
  4 neqoxecs
  Edmund (D:5)
  4 vampire mosquitoes (Swamp:1)
  A golden eye (shapeshifter) (Depths:1)
  An emperor scorpion simulacrum (Abyss:4)
  3 spatial vortices
  5 wargs
  33 large abominations
  22 swamp worms
  A warg (shapeshifter) (Vaults:3)
  17 water moccasins
  7 acid dragons
  A cane toad zombie (Hell)
  6 soldier ants
  16 hell hounds
  2 floating eyes
  5 black bears
  A hornet zombie (D:14)
  A cane toad skeleton (Hell)
  8 ice beasts
  5 sky beasts
  9 swamp drakes
  42 orc warriors
  2 eyes of draining (shapeshifter)
  11 eyes of draining
  2 boggarts (Vaults:1)
  5 wolves
  A manticore zombie (Crypt:3)
  4 ettin simulacra (Depths:3)
  4 necrophages
  A spriggan simulacrum (Depths:2)
  A blink frog skeleton (Crypt:3)
  44 ogres
  23 centaurs
  7 kobold brigands
  4 phantoms
  2 salamander zombies
  2 fire crab zombies (Crypt:2)
  4 elf zombies
  A gnoll sergeant (D:9)
  15 bullfrogs
  A glowing shapeshifter simulacrum (Depths:2)
  3 earth elementals
  A wyvern zombie (Crypt:1)
  A cane toad simulacrum (Hell)
  13 small abominations
  A wyvern skeleton (D:9)
  A troll zombie (Crypt:2)
  2 human simulacra (Vaults:2)
  12 scorpions
  4 killer bees (D:10)
  A yak skeleton (Crypt:2)
  9 wights (D:11)
  2 howler monkeys (D:8)
  A polar bear skeleton (Crypt:1)
  7 electric eels
  2 crimson imps (Depths:5)
  45 starcursed masses
  A bullfrog zombie (D:5)
  4 centaur zombies
  6 quasits
  15 hounds
  A wyvern simulacrum (Gauntlet)
  A bullfrog skeleton (D:11)
  14 orc priests
  4 jellies
  6 iron imps
  3 iguanas
  27 orc wizards
  20 worker ants
  A felid zombie (Crypt:3)
  3 bullfrog simulacra (Gauntlet)
  A centaur simulacrum (Gauntlet)
  A hound zombie (D:9)
  24 mummies
  A worker ant zombie (D:11)
  16 gnolls
  20 adders
  A howler monkey skeleton (D:11)
  A shadow imp (Abyss:4)
  3 white imps
  5 ufetubi
  An ooze (D:1)
  An adder zombie (D:5)
  An adder skeleton (D:7)
  2 worms
  5 dart slugs
  6 leopard geckos
  127 orcs
  13 bats
  4 giant cockroaches
  15 goblins
  16 hobgoblins
  4 jackals (D:3)
  9 quokkas
  A river rat zombie (Crypt:2)
  A ball python (D:2)
  2 ball python skeletons (Crypt:3)
  A dart slug zombie (Crypt:1)
  7 frilled lizards
  28 kobolds
  A quokka skeleton (Crypt:1)
  2 quokka zombies
  12 rats
  A rat skeleton (Crypt:2)
  2 lurking horrors
  9 starspawn tentacles
3522 creatures vanquished.

Vanquished Creatures (collateral kills)
  An angel (Pan)
  A cherub (Pan)
2 creatures vanquished.

Vanquished Creatures (others)
  A deep elf master archer (Abyss:4)
  An eleionoma (Swamp:4)
  An ice dragon (Zig:11)
  A sun demon (Pan)
  A quicksilver dragon simulacrum (Depths:3)
  A necromancer (D:13)
  A deep elf pyromancer (Elf:1)
  4 deep elf zephyrmancers
  A yaktaur (Vaults:2)
  An ancient zyme (Abyss:4)
  2 bloated husks
  A water elemental (Depths:5)
  A swamp worm (Swamp:4)
  An ettin simulacrum (Depths:3)
  A boggart (Vaults:1)
  A starcursed mass (Abyss:4)
  A bush (Lair:6)
  5 demonic plants (Abyss:4)
  34 foxfires
  52 fungi
  3 lurking horrors
  71 plants
  13 starspawn tentacles
  22 withered plants (Gauntlet)
221 creatures vanquished.

Grand Total: 3745 creatures vanquished

Notes
Turn   | Place    | Note
-------+----------+-------------------------------------------
     0 | D:1      | hellse the Vine Stalker Fighter began the quest for the
                  | Orb.
     0 | D:1      | Reached XP level 1. HP: 11/11 MP: 2/2
   160 | D:1      | Reached XP level 2. HP: 16/16 MP: 3/3
   607 | D:1      | Reached XP level 3. HP: 13/19 MP: 4/4
  1454 | D:2      | Found a faded altar of an unknown god.
  1577 | D:2      | Gained mutation: Your natural rate of healing is unusually
                  | fast. [Vine Stalker growth]
  1577 | D:2      | Reached XP level 4. HP: 23/23 MP: 5/5
  1872 | D:4      | Reached skill level 5 in Unarmed Combat
  1872 | D:4      | Reached XP level 5. HP: 27/27 MP: 6/6
  2162 | D:4      | Reached XP level 6. HP: 30/32 MP: 7/7
  2220 | D:4      | Found Qoaneigh's Jewellery Emporium.
  2900 | D:5      | Entered Level 5 of the Dungeon
  2931 | D:5      | Reached XP level 7. HP: 24/35 MP: 6/8
  2968 | D:5      | Found a snail-covered altar of Cheibriados.
  3291 | D:5      | Noticed Edmund
  3339 | D:5      | Killed Edmund
  3543 | D:5      | Gained mutation: You have razor-sharp teeth. [Vine Stalker
                  | growth]
  3543 | D:5      | Reached XP level 8. HP: 40/40 MP: 9/9
  3555 | D:5      | Found a staircase to the Ecumenical Temple.
  3567 | Temple   | Entered the Ecumenical Temple
  3690 | Temple   | Became a worshipper of Warmaster Okawaru
  4759 | D:6      | Reached skill level 5 in Fighting
  4787 | D:6      | Reached * piety under Okawaru
  4886 | D:6      | Reached XP level 9. HP: 41/48 MP: 7/10
  5120 | D:6      | Reached skill level 1 in Dodging
  5283 | D:6      | Reached ** piety under Okawaru
  5654 | D:7      | Reached skill level 1 in Invocations
  5697 | D:7      | Reached skill level 2 in Invocations
  5789 | D:7      | Reached skill level 3 in Invocations
  6334 | D:8      | Reached skill level 4 in Invocations
  6633 | D:8      | Found a staircase to the Lair.
  6635 | D:8      | Noticed a troll
  6660 | D:8      | Reached *** piety under Okawaru
  6668 | D:8      | Reached XP level 10. HP: 53/53 MP: 14/14
  6815 | D:8      | Found a roughly hewn altar of Beogh.
  6859 | D:8      | Reached skill level 10 in Unarmed Combat
  7185 | D:8      | Reached **** piety under Okawaru
  7704 | D:9      | Noticed an eight-headed hydra
  7801 | D:9      | Found a runed translucent door.
  7919 | D:9      | Killed an eight-headed hydra
  7994 | D:9      | Found a radiant altar of Vehumet.
  8041 | D:9      | Identified the +5 trident "Kaid" {freeze, rPois rF+ Will-
                  | Str+4}
  8046 | D:9      | Noticed Tarl's ghost (novice DsAK)
  8157 | D:9      | Reached ***** piety under Okawaru
  8173 | D:9      | Killed Tarl's ghost
  8174 | D:9      | Reached XP level 11. HP: 29/62 MP: 13/15
  8282 | D:10     | Entered Level 10 of the Dungeon
  8911 | D:10     | Reached skill level 5 in Dodging
  9060 | D:10     | Noticed Grum
  9074 | D:10     | Killed Grum
  9272 | D:10     | Received a gift from Okawaru
  9278 | D:10     | Reached skill level 5 in Armour
  9557 | D:11     | Noticed a two-headed ogre
  9558 | D:11     | Noticed a white ugly thing
  9570 | D:11     | Killed a two-headed ogre
  9579 | D:11     | Killed a white ugly thing
  9666 | D:11     | Noticed a white ugly thing
  9673 | D:11     | Killed a white ugly thing
  9673 | D:11     | Reached ****** piety under Okawaru
  9691 | D:11     | Noticed an eight-headed hydra
  9699 | D:11     | Killed an eight-headed hydra
  9699 | D:11     | Received a gift from Okawaru
  9700 | D:11     | Reached XP level 12. HP: 37/66 MP: 14/16
  9700 | D:11     | Got an encrusted longbow {god gift}
  9903 | D:11     | Noticed a four-headed hydra
  9910 | D:11     | Killed a four-headed hydra
 10186 | Lair:1   | Entered Level 1 of the Lair of Beasts
 10220 | Lair:1   | Reached skill level 10 in Fighting
 10316 | Lair:1   | You fall into a shaft and drop 1 floor!
 10319 | Lair:2   | Noticed Maggie
 10330 | Lair:2   | Killed Maggie
 10337 | Lair:2   | Found a sacrificial altar of Ru.
 10643 | Lair:1   | Received a gift from Okawaru
 10677 | Lair:1   | You fall into a shaft and drop 1 floor!
 11327 | Lair:2   | Noticed a seven-headed hydra
 11339 | Lair:2   | Killed a seven-headed hydra
 11350 | Lair:2   | Noticed an eight-headed hydra
 11357 | Lair:2   | Killed an eight-headed hydra
 11358 | Lair:2   | Reached XP level 13. HP: 49/74 MP: 17/17
 11387 | Lair:2   | Found a staircase to the Swamp.
 11397 | Lair:2   | Reached skill level 5 in Shields
 11771 | Lair:3   | Received a gift from Okawaru
 11886 | Lair:3   | Found a hole to the Spider Nest.
 13146 | Lair:4   | Received a gift from Okawaru
 13410 | Lair:4   | Reached skill level 1 in Evocations
 13498 | Lair:5   | Found a dark tunnel.
 13504 | Volcano  | Entered a volcano
 13523 | Volcano  | Found a bloodstained altar of Trog.
 13530 | Volcano  | Noticed a red draconian
 13542 | Volcano  | Received a gift from Okawaru
 13608 | Volcano  | Killed a red draconian
 14266 | D:4      | Bought a +4 ring of slaying for 936 gold pieces
 14622 | Lair:5   | Reached XP level 14. HP: 75/79 MP: 18/18
 14971 | Lair:6   | Entered Level 6 of the Lair of Beasts
 14995 | Lair:6   | Found a viscous altar of Jiyva.
 14996 | Lair:6   | Found a staircase to the Slime Pits.
 15004 | Lair:6   | Received a gift from Okawaru
 15219 | Lair:6   | Received a gift from Okawaru
 15220 | Lair:6   | Got a heavily runed cloak {god gift}
 15241 | Lair:6   | Identified the +2 cloak of Okawaru's Regard {rElec rF-
                  | Dex+7 Stlth-} (Okawaru gifted it to you on level 6 of the
                  | Lair of Beasts)
 15564 | Lair:6   | Reached skill level 10 in Shields
 15694 | Lair:6   | Received a gift from Okawaru
 15695 | Lair:6   | Got a transparent buckler {god gift}
 15730 | Lair:6   | Identified the +6 buckler of the True Pharaoh {+Fly}
                  | (Okawaru gifted it to you on level 6 of the Lair of Beasts)
 15893 | Lair:6   | Reached skill level 1 in Throwing
 16146 | Lair:6   | Reached XP level 15. HP: 85/85 MP: 19/19
 17089 | D:12     | Reached skill level 5 in Evocations
 17169 | D:12     | Received a gift from Okawaru
 17488 | D:12     | Found a staircase to the Orcish Mines.
 17940 | D:13     | You fall into a shaft and drop 2 floors!
 17940 | D:15     | Entered Level 15 of the Dungeon
 17951 | D:15     | Identified a scroll of acquirement
 17952 | D:15     | Acquired the ring of the Trilobite {rElec Str+6}
 18127 | D:15     | Found Tugufeps's Jewellery Shoppe.
 18335 | D:15     | Found a staircase to the Depths.
 18424 | D:15     | Found Vodionom's Magic Scroll Emporium.
 18448 | D:15     | Noticed Nessos
 18468 | D:15     | Killed Nessos
 18566 | D:15     | Noticed Rupert
 18567 | D:15     | Paralysed by Rupert for 3 turns
 18580 | D:15     | Killed Rupert
 18588 | D:15     | Found Zoad's Assorted Antiques.
 18605 | D:14     | Received a gift from Okawaru
 18606 | D:14     | Got a dazzling cloak {god gift}
 18646 | D:14     | Found a gate leading to a gauntlet.
 18651 | D:14     | You fall into a shaft and drop 1 floor!
 18752 | Gauntlet | Entered a Gauntlet
 18752 | Gauntlet | Found a transporter.
 18763 | Gauntlet | Identified the +0 cloak of Weightlessness {Dex+5} (Okawaru
                  | gifted it to you on level 14 of the Dungeon)
 18783 | Gauntlet | Found a transporter.
 18798 | Gauntlet | Found a transporter.
 18803 | Gauntlet | Found a transporter.
 18820 | Gauntlet | Found a transporter.
 18838 | Gauntlet | Found a transporter.
 18850 | Gauntlet | Found a transporter.
 18862 | Gauntlet | Found a transporter.
 18874 | Gauntlet | Found a transporter.
 18886 | Gauntlet | Found a transporter.
 18892 | Gauntlet | Found a transporter.
 18914 | Gauntlet | Found a transporter.
 18933 | Gauntlet | Found a transporter.
 18959 | Gauntlet | Found a transporter.
 18961 | Gauntlet | Found a transporter.
 18981 | Gauntlet | Found a transporter.
 19059 | Gauntlet | Found a transporter.
 19079 | Gauntlet | Found a transporter.
 19478 | Gauntlet | Got a warped cloak
 19489 | Gauntlet | Identified the +0 cloak of Happy Babbling {Dex+3 Stlth+}
                  | (You found it in a Gauntlet)
 19532 | Gauntlet | Identified the amulet of Xom's Whimsicality {Faith rElec
                  | Str-3 Dex+3}
 19611 | D:14     | Reached skill level 5 in Invocations
 19650 | D:14     | Found a portal to a secret trove of treasure.
 19797 | D:14     | Found the +9 staff of Olgreb {rPois∞}
 19821 | D:14     | Reached XP level 16. HP: 58/91 MP: 19/21
 19823 | D:14     | Reached skill level 6 in Invocations
 19826 | D:14     | Got a blackened plate armour
 19837 | D:14     | Identified the +3 plate armour of Lanan {rPois rF+ Stlth-}
                  | (You found it on level 14 of the Dungeon)
 19977 | D:14     | Found a gate to the Vaults.
 19982 | D:14     | Got a fine golden ring
 19984 | D:14     | Identified the ring of Keklil {rN+ Int+5 Dex+6} (You found
                  | it on level 14 of the Dungeon)
 20368 | D:14     | Found a blossoming altar of Fedhas.
 20380 | D:14     | Noticed Frances
 20394 | D:14     | Killed Frances
 20394 | D:14     | Received a gift from Okawaru
 20693 | D:13     | Reached skill level 5 in Throwing
 21095 | D:15     | Found Usatamal's Book Shop.
 21203 | D:15     | Found Nofumar's Weapon Boutique.
 21603 | Orc:1    | Entered Level 1 of the Orcish Mines
 21603 | Orc:1    | Found Nucufynt's Book Boutique.
 21638 | Orc:1    | Noticed Erolcha
 21650 | Orc:1    | Killed Erolcha
 21915 | Orc:2    | Entered Level 2 of the Orcish Mines
 22444 | Orc:2    | Found a staircase to the Elven Halls.
 22479 | Orc:1    | Found a transporter.
 22490 | Orc:1    | Found a transporter.
 22490 | Orc:1    | Found a runed translucent door.
 22490 | Orc:1    | Found a bloodstained altar of Trog.
 22491 | Orc:1    | Found the +8 Wrath of Trog {antimagic, *Rage}
 22501 | Orc:1    | Received a gift from Okawaru
 22574 | Orc:1    | Reached skill level 10 in Armour
 22579 | Orc:1    | Got a spiked plate armour
 22622 | Orc:1    | Identified the +1 plate armour of Codim {Rampage Will+
                  | Regen+ Dex+2} (You found it on level 1 of the Orcish Mines)
 22890 | D:14     | You paid a toll of a +6 demon whip to enter a treasure
                  | trove
 22891 | Trove    | Entered a treasure trove
 22937 | Trove    | Got a clouded zirconium amulet
 22981 | Trove    | Got a smoking tower shield
 22992 | Trove    | Identified the +0 tower shield of Lethargy {Harm Will+
                  | Stlth-} (You found it in a treasure trove)
 23018 | D:14     | Identified the amulet "Wetzeg" {RegenMP +Fly Will+} (You
                  | found it in a treasure trove)
 23199 | Orc:2    | Received a gift from Okawaru
 23238 | Orc:2    | Found a roughly hewn altar of Beogh.
 23589 | Orc:2    | Found Ymiwoce's Distillery.
 23646 | Orc:2    | Reached XP level 17. HP: 89/95 MP: 23/23
 23734 | Orc:2    | Found Xauloagi's Antique Armour Shoppe.
 23735 | Orc:2    | Found Lail's Armour Boutique.
 23735 | Orc:2    | Found Yska's General Store.
 23756 | Orc:2    | Bought the +2 pair of boots of Watchfulness {Will+} for 352
                  | gold pieces
 23775 | Orc:2    | Bought a scroll of teleportation for 51 gold pieces
 23775 | Orc:2    | Bought a potion of might for 68 gold pieces
 24046 | D:15     | Bought a scroll of identify for 40 gold pieces
 24046 | D:15     | Bought a scroll of identify for 40 gold pieces
 24046 | D:15     | Bought a scroll of identify for 40 gold pieces
 24287 | Swamp:1  | Entered Level 1 of the Swamp
 25213 | Swamp:2  | Received a gift from Okawaru
 25284 | Swamp:2  | Acquired a manual of Shields
 25309 | Swamp:2  | Found a glowing silver altar of Zin.
 25854 | Swamp:3  | Found a transporter.
 25855 | Swamp:3  | Identified the +5 trident of Valiance {distort, rF++ Will-}
 25858 | Swamp:3  | Noticed sraybest's ghost (adept MiBe)
 25859 | Swamp:3  | Noticed a profane servitor
 25915 | Swamp:3  | Found a one-way gate to the infinite horrors of the Abyss.
 25934 | Swamp:3  | Identified the +2 robe "Vyekox" {*Drain rC++}
 26282 | Swamp:3  | Found a transporter.
 26423 | Swamp:3  | Received a gift from Okawaru
 26452 | Swamp:3  | Killed sraybest's ghost
 26539 | Swamp:3  | Killed a profane servitor
 26625 | Swamp:4  | Entered Level 4 of the Swamp
 26641 | Swamp:3  | Received a gift from Okawaru
 26661 | Swamp:4  | Received a gift from Okawaru
 26791 | Swamp:3  | Received a gift from Okawaru
 26817 | Swamp:4  | Reached XP level 18. HP: 88/100 MP: 24/24
 26945 | Swamp:4  | Received a gift from Okawaru
 26994 | Swamp:4  | Noticed Kirke
 27003 | Swamp:4  | Killed Kirke
 27004 | Swamp:4  | Reached skill level 15 in Shields
 27028 | Swamp:4  | Received a gift from Okawaru
 27138 | Swamp:4  | Received a gift from Okawaru
 27253 | Swamp:4  | Got a decaying rune of Zot
 27270 | Swamp:4  | Received a gift from Okawaru
 27797 | Spider:1 | Entered Level 1 of the Spider Nest
 27813 | Spider:1 | Noticed Donald
 27821 | Spider:1 | Killed Donald
 27886 | Spider:1 | Reached skill level 7 in Invocations
 27956 | Spider:1 | Noticed Asterion
 27967 | Spider:1 | Killed Asterion
 27967 | Spider:1 | Received a gift from Okawaru
 28082 | Spider:1 | Reached skill level 8 in Invocations
 28178 | Spider:1 | Received a gift from Okawaru
 28454 | Spider:1 | Received a gift from Okawaru
 28675 | Spider:2 | Received a gift from Okawaru
 28676 | Spider:2 | Reached skill level 9 in Invocations
 29231 | Spider:2 | Reached skill level 15 in Unarmed Combat
 29542 | Spider:2 | Noticed Louise
 29552 | Spider:2 | Killed Louise
 30011 | Spider:3 | Reached XP level 19. HP: 105/105 MP: 26/26
 30088 | Spider:3 | Received a gift from Okawaru
 30151 | Spider:3 | Paralysed by a hornet for 3 turns
 30626 | Spider:3 | Received a gift from Okawaru
 30968 | Spider:4 | Entered Level 4 of the Spider Nest
 31502 | Spider:4 | Received a gift from Okawaru
 32254 | Spider:4 | Got a gossamer rune of Zot
 32717 | Elf:1    | Entered Level 1 of the Elven Halls
 32727 | Elf:1    | Reached skill level 15 in Fighting
 32774 | Elf:1    | Received a gift from Okawaru
 32837 | Elf:1    | Identified Womozxe's Grimoire of Sinister Arts
 32890 | Elf:1    | Received a gift from Okawaru
 32971 | Elf:1    | Noticed Nikola
 32981 | Elf:1    | Killed Nikola
 32981 | Elf:1    | Received a gift from Okawaru
 33053 | Elf:1    | Got a pair of ancient gloves
 33064 | Elf:1    | Identified the +1 pair of gloves of Pride {-Tele +Inv Will+
                  | Str+2} (You found it on level 1 of the Elven Halls)
 33336 | Elf:1    | Got a scorched glass ring
 33522 | Elf:2    | Reached XP level 20. HP: 111/113 MP: 27/27
 33562 | Elf:2    | Identified the ring "Feukka" {rN+ SInv} (You found it on
                  | level 1 of the Elven Halls)
 33766 | Elf:2    | Received a gift from Okawaru
 33866 | Elf:2    | Found a runed translucent gate.
 33866 | Elf:2    | Found a runed translucent gate.
 33866 | Elf:2    | Found a runed translucent gate.
 35196 | Elf:3    | Entered Level 3 of the Elven Halls
 35198 | Elf:3    | Received a gift from Okawaru
 35304 | Elf:3    | Found Cuosuxt's Antique Armour Shop.
 35315 | Elf:3    | Found Xauqaolorr's General Store.
 35315 | Elf:3    | Found Caibolec's Assorted Antiques.
 35321 | Elf:3    | Bought a glowing hat for 161 gold pieces
 35321 | Elf:3    | Bought a runed helmet for 172 gold pieces
 35350 | Elf:3    | Bought a pair of glowing gloves for 172 gold pieces
 35372 | Elf:3    | Found Foesicysm's Distillery.
 35378 | Elf:3    | Bought a potion of experience for 600 gold pieces
 35381 | Elf:3    | Reached XP level 21. HP: 121/121 MP: 28/28
 35958 | Elf:3    | Identified the ring "Hosios" {rF+ MP+9 Slay-4 SInv}
 35959 | Elf:3    | Identified the +0 ring mail of the Thistle {rF+ Str+4
                  | Int+3}
 35960 | Elf:3    | Identified the +4 mace of Indomitability {freeze, Stlth+}
 35960 | Elf:3    | Identified the ring of New Discoveries {rElec rC- rCorr
                  | Str+5 SInv}
 36021 | Elf:3    | Received a gift from Okawaru
 36042 | Elf:3    | Reached XP level 22. HP: 117/128 MP: 26/29
 36069 | Elf:3    | Reached skill level 10 in Throwing
 36126 | Elf:3    | Identified the amulet "Orempem" {RegenMP Dex+4}
 36279 | Elf:3    | Identified the +0 cloak "Loalui" {+Fly rC+} (You found it
                  | on level 3 of the Elven Halls)
 36368 | Elf:3    | Found the +9 heavy crossbow "Sniper" {vorpal, Acc+∞ SInv}
 36371 | Elf:3    | Found the +0 mask of the Dragon {Will+ Slay+3 SInv}
 36402 | Elf:3    | Identified the -3 pair of boots of Nemelex Xobeh's Fury
                  | {+Fly rElec SInv} (You found it on level 3 of the Elven
                  | Halls)
 36508 | Elf:3    | Learned a level 2 spell: Blink
 36787 | Vaults:1 | Entered Level 1 of the Vaults
 36833 | Vaults:1 | Received a gift from Okawaru
 37351 | Vaults:1 | Acquired a +2 tower shield of reflection
 38786 | Vaults:2 | Received a gift from Okawaru
 38857 | Vaults:2 | Acquired a manual of Invocations
 39339 | Vaults:2 | Reached skill level 10 in Invocations
 39342 | Vaults:2 | Received a gift from Okawaru
 39580 | Vaults:3 | Reached skill level 11 in Invocations
 39741 | Vaults:3 | Identified the +0 plate armour of Cufrilum {rPois}
 39763 | Vaults:3 | Reached XP level 23. HP: 50/132 MP: 32/32
 39799 | Vaults:3 | Reached skill level 12 in Invocations
 39894 | Vaults:3 | Reached skill level 13 in Invocations
 39971 | Vaults:3 | Found a staircase to the Crypt.
 39971 | Vaults:3 | Found a basalt altar of Yredelemnul.
 39972 | Vaults:3 | Found an ancient bone altar of Kikubaaqudgha.
 40241 | Vaults:3 | Reached skill level 14 in Invocations
 40386 | Vaults:3 | You fall into a shaft and drop 1 floor!
 40501 | Vaults:4 | Reached skill level 15 in Invocations
 40588 | Vaults:4 | Received a gift from Okawaru
 40746 | Vaults:4 | Found Bisuigib's Armour Boutique.
 40888 | Vaults:4 | Reached skill level 16 in Invocations
 41408 | Vaults:3 | Reached skill level 17 in Invocations
 41806 | Vaults:5 | Entered Level 5 of the Vaults
 41807 | Vaults:5 | Noticed a dread lich
 41839 | Vaults:4 | Received a gift from Okawaru
 42159 | Vaults:3 | Found a runed translucent gate.
 42159 | Vaults:3 | Noticed gimp's ghost (adept SpFE)
 42160 | Vaults:3 | Found a runed translucent gate.
 42160 | Vaults:3 | Found a runed translucent gate.
 42410 | Vaults:3 | Identified the +3 leather armour of Meager Awe {Regen+
                  | Int+4 Dex+2 Slay+3}
 42414 | Vaults:3 | Found a roughly hewn altar of Beogh.
 42451 | Vaults:3 | Killed gimp's ghost
 42453 | Vaults:3 | Reached XP level 24. HP: 69/137 MP: 18/36
 42746 | Depths:1 | Entered Level 1 of the Depths
 42746 | Depths:1 | Found the -2 hat of the Alchemist {rElec rPois rF+ rC+ rN+
                  | Will+ rMut rCorr}
 42952 | D:15     | Bought the amulet of Law {+Fly Regen+} for 664 gold pieces
 43015 | Depths:1 | Found a gateway to Hell.
 43115 | Depths:1 | You fall into a shaft and drop 1 floor!
 43199 | Depths:1 | Found Aclugut's Weapon Emporium.
 43388 | Depths:1 | Found Hawy's Antique Weapon Boutique.
 43399 | Depths:1 | Found a hazy altar of Hepliaklqana.
 43425 | Depths:1 | Received a gift from Okawaru
 43590 | Depths:1 | Found the +3 giant club "Skullcrusher" {speed, Str+7}
 43672 | Depths:1 | Found Ypojey's Jewellery Shoppe.
 43684 | Depths:1 | Found Peepnacio's Weapon Shoppe.
 43793 | Depths:1 | Found Dysixt's Antique Armour Shop.
 43796 | Depths:1 | Bought a pair of fine gloves for 399 gold pieces
 43796 | Depths:1 | Identified the +0 pair of gloves of Gravity {Dex+4} (You
                  | bought it in a shop on level 1 of the Depths)
 43881 | Depths:1 | Noticed a juggernaut
 43895 | Depths:1 | Killed a juggernaut
 43895 | Depths:1 | Received a gift from Okawaru
 43978 | Hell     | Entered the Vestibule of Hell
 43978 | Hell     | Noticed Geryon
 44135 | Depths:2 | Found a runed translucent door.
 44140 | Depths:2 | Noticed packetloss's ghost (veteran DEFE)
 44167 | Depths:2 | Killed packetloss's ghost
 44655 | Depths:2 | Found the +5 demon whip "Spellbinder" {antimagic, Will+}
 45210 | Depths:2 | Reached XP level 25. HP: 148/148 MP: 36/36
 45279 | Depths:3 | Reached skill level 15 in Armour
 45283 | Depths:3 | Received a gift from Okawaru
 45326 | Depths:3 | Found a blossoming altar of Fedhas.
 45329 | Depths:3 | Found a one-way gate leading to the halls of Pandemonium.
 45542 | Depths:3 | Noticed a dread lich
 45549 | Depths:3 | Killed a dread lich
 45610 | Depths:3 | Noticed an ancient lich
 45623 | Depths:3 | Killed an ancient lich
 45702 | Depths:3 | Received a gift from Okawaru
 45715 | Depths:3 | Found a glowing golden altar of the Shining One.
 45796 | Depths:3 | Found a hazy altar of Hepliaklqana.
 46000 | Depths:3 | Received a gift from Okawaru
 46106 | Depths:3 | Received a gift from Okawaru
 46295 | Depths:3 | Found a snail-covered altar of Cheibriados.
 46376 | Depths:3 | Received a gift from Okawaru
 46869 | Depths:4 | Reached XP level 26. HP: 141/153 MP: 36/36
 47529 | Depths:4 | Found a runed translucent door.
 47531 | Depths:4 | Found a runed translucent door.
 47702 | Depths:4 | Received a gift from Okawaru
 47819 | Depths:4 | Identified the ring of Knowledge {rF+ rCorr MP+9 Str-4
                  | Int+6}
 47955 | Depths:4 | Identified the amulet "Lixan" {RegenMP rN+}
 48124 | Depths:4 | Identified the amulet of Rudogh {Spirit *Contam Str+2 Dex+3
                  | Slay+2}
 48138 | Depths:4 | Received a gift from Okawaru
 48167 | Depths:4 | Got a heavily runed lead ring
 48168 | Depths:4 | Identified the ring of Understanding {MP+9 Dex+3} (You
                  | found it on level 4 of the Depths)
 48360 | Depths:5 | Entered Level 5 of the Depths
 48470 | Depths:5 | Noticed a juggernaut
 48484 | Depths:5 | Killed a juggernaut
 48542 | Depths:5 | Found a gateway to a ziggurat.
 48551 | Depths:5 | Noticed Boris
 48586 | Depths:5 | Killed Boris
 48648 | Depths:5 | Paralysed by a floating eye for 3 turns
 48679 | Depths:5 | Found a gate to the Realm of Zot.
 48684 | Depths:5 | Received a gift from Okawaru
 48813 | Depths:5 | Identified the +4 great sword of Qazlal {holy, Dex+2}
 49303 | Depths:5 | Reached XP level 27. HP: 157/158 MP: 35/36
 49324 | Depths:5 | Received a gift from Okawaru
 49932 | Slime:1  | Entered Level 1 of the Pits of Slime
 50252 | Slime:3  | Received a gift from Okawaru
 50570 | Slime:5  | Entered Level 5 of the Pits of Slime
 50638 | Slime:5  | Noticed the Royal Jelly
 50639 | Slime:5  | Found a viscous altar of Jiyva.
 50653 | Slime:5  | Killed the Royal Jelly
 50703 | Slime:5  | Got a slimy rune of Zot
 50707 | Slime:5  | Found the amulet of Vitality {Regen+ HP+15}
 50751 | Slime:5  | Identified the ring "Syotiv" {rPois rC+ Str-4 SInv} (You
                  | found it on level 5 of the Pits of Slime)
 51237 | Depths:3 | Fell from the grace of Okawaru
 51237 | Depths:3 | Became a worshipper of the Shining One
 51565 | Crypt:1  | Entered Level 1 of the Crypt
 51590 | Crypt:1  | Noticed Boris
 51594 | Crypt:1  | Noticed a royal mummy
 51595 | Crypt:1  | Noticed Khufu
 51595 | Crypt:1  | Noticed a royal mummy
 51595 | Crypt:1  | Noticed a royal mummy
 51655 | Crypt:1  | Killed Boris
 51717 | Crypt:1  | Killed a royal mummy
 51718 | Crypt:1  | Reached skill level 18 in Invocations
 51738 | Crypt:1  | Killed Khufu
 51765 | Crypt:1  | Killed a royal mummy
 51774 | Crypt:1  | Killed a royal mummy
 51981 | Crypt:1  | Reached * piety under the Shining One
 52021 | Crypt:1  | Noticed a royal mummy
 52029 | Crypt:1  | Killed a royal mummy
 52059 | Crypt:1  | Noticed a royal mummy
 52060 | Crypt:1  | Noticed a royal mummy
 52061 | Crypt:1  | Found the +7 sceptre of Torment {pain, torment}
 52070 | Crypt:1  | Killed a royal mummy
 52071 | Crypt:1  | Reached skill level 19 in Invocations
 52244 | Crypt:1  | Reached ** piety under the Shining One
 52416 | Crypt:1  | Reached *** piety under the Shining One
 52716 | Crypt:2  | Reached **** piety under the Shining One
 52925 | Crypt:2  | Reached ***** piety under the Shining One
 52926 | Crypt:2  | Acquired a manual of Fighting
 52976 | Crypt:2  | Noticed Boris
 52984 | Crypt:2  | Killed Boris
 53616 | Crypt:3  | Entered Level 3 of the Crypt
 53653 | Crypt:3  | Reached ****** piety under the Shining One
 53654 | Crypt:3  | Noticed Sojobo
 53670 | Crypt:3  | Killed Sojobo
 53775 | Crypt:3  | Found a basalt altar of Yredelemnul.
 53960 | Crypt:3  | Found an ancient bone altar of Kikubaaqudgha.
 54129 | Crypt:3  | Noticed Jory
 54147 | Crypt:3  | Killed Jory
 54648 | Crypt:3  | Noticed Saint Roka
 54672 | Crypt:3  | Killed Saint Roka
 54673 | Crypt:3  | Reached skill level 20 in Invocations
 54799 | Crypt:3  | Found a staircase to the Tomb.
 55269 | Depths:2 | Voluntarily entered the Abyss.
 55269 | Abyss:1  | Found a corrupted altar of Lugonu.
 55366 | Abyss:1  | Found a sparkling altar of Nemelex Xobeh.
 55777 | Depths:2 | Escaped the Abyss
 55800 | Depths:2 | Voluntarily entered the Abyss.
 55800 | Abyss:1  | Found a corrupted altar of Lugonu.
 55926 | Abyss:4  | Found a corrupted altar of Lugonu.
 56216 | Abyss:4  | Found a corrupted altar of Lugonu.
 56273 | Abyss:4  | Paralysed by accursed screaming for 1 turns
 56283 | Abyss:4  | Reached skill level 21 in Invocations
 56284 | Abyss:4  | Paralysed by accursed screaming for 1 turns
 56359 | Abyss:4  | Identified the ring of Dithmenos's Generosity {Ice +Blink
                  | rElec rN+ Dex-4} (You found it on level 4 of the Abyss)
 56360 | Abyss:4  | Noticed a dread lich
 56376 | Abyss:4  | Killed a dread lich
 56749 | Abyss:4  | Reached skill level 22 in Invocations
 56825 | Abyss:4  | Got an abyssal rune of Zot
 56948 | Depths:2 | Escaped the Abyss
 56950 | Depths:2 | Voluntarily entered the Abyss.
 56984 | Abyss:1  | Noticed an ancient lich
 57006 | Abyss:1  | Killed an ancient lich
 57007 | Abyss:1  | Reached skill level 23 in Invocations
 57008 | Abyss:1  | Paralysed by accursed screaming for 2 turns
 57010 | Depths:2 | Escaped the Abyss
 57022 | Depths:2 | Voluntarily entered the Abyss.
 57258 | Depths:2 | Escaped the Abyss
 57262 | Depths:2 | Voluntarily entered the Abyss.
 57469 | Abyss:2  | Found a basalt altar of Yredelemnul.
 57575 | Abyss:2  | Found a basalt altar of Yredelemnul.
 57631 | Abyss:2  | Was forgiven by Okawaru
 57707 | Depths:2 | Escaped the Abyss
 57745 | Hell     | Noticed Murray
 57755 | Hell     | Killed Geryon
 57762 | Hell     | Killed Murray
 57818 | Hell     | Gained mutation: You are weak. (Str -2) [a cacodemon]
 57884 | Hell     | Found a gateway to the decaying netherworld of Tartarus.
 57933 | Hell     | Found a gateway to the freezing wastes of Cocytus.
 58013 | Hell     | Found a gateway to the Iron City of Dis.
 58188 | Hell     | Found a gateway to the ashen valley of Gehenna.
 58514 | Elf:3    | Bought a +1 pair of boots of flying for 264 gold pieces
 58514 | Elf:3    | Bought a scroll of identify for 32 gold pieces
 58514 | Elf:3    | Bought a wand of iceblast (10) for 224 gold pieces
 58518 | Elf:3    | Bought 2 potions of magic for 192 gold pieces
 58518 | Elf:3    | Bought a potion of flight for 36 gold pieces
 58518 | Elf:3    | Bought 2 potions of curing for 72 gold pieces
 58518 | Elf:3    | Bought a potion of resistance for 120 gold pieces
 58522 | Elf:3    | Bought a scroll of fear for 108 gold pieces
 58635 | Orc:2    | Bought a potion of magic for 112 gold pieces
 58635 | Orc:2    | Bought 2 potions of cancellation for 224 gold pieces
 58635 | Orc:2    | Bought a potion of attraction for 42 gold pieces
 58635 | Orc:2    | Bought a potion of cancellation for 112 gold pieces
 58635 | Orc:2    | Bought a potion of flight for 42 gold pieces
 58635 | Orc:2    | Bought a potion of flight for 42 gold pieces
 58635 | Orc:2    | Bought a potion of attraction for 42 gold pieces
 58635 | Orc:2    | Bought a potion of attraction for 42 gold pieces
 58635 | Orc:2    | Bought 2 potions of mutation for 224 gold pieces
 58635 | Orc:2    | Bought a potion of curing for 42 gold pieces
 58635 | Orc:2    | Bought a potion of curing for 42 gold pieces
 58635 | Orc:2    | Bought a potion of curing for 42 gold pieces
 58771 | D:15     | Bought a scroll of teleportation for 60 gold pieces
 58771 | D:15     | Bought a scroll of magic mapping for 70 gold pieces
 58998 | Vaults:5 | Reached skill level 10 in Dodging
 58998 | Vaults:5 | Killed a dread lich
 59017 | Vaults:5 | Noticed an ancient lich
 59024 | Vaults:5 | Killed an ancient lich
 59211 | Vaults:5 | Noticed an ancient lich
 59217 | Vaults:5 | Killed an ancient lich
 59276 | Vaults:5 | Identified the ring of Faeqayth {rN+ Str+7 Int+3}
 59280 | Vaults:5 | Reached skill level 24 in Invocations
 59436 | Vaults:5 | Found the +6 shillelagh "Devastator" {shatter}
 59439 | Vaults:5 | Identified Solaro's Guide on Shifting Combat Magic
 59577 | Vaults:5 | Found the +5 sword of Power {vorpal}
 59623 | Vaults:5 | Identified the +1 quarterstaff of Arrival {vorpal, *Contam
                  | rPois Dex+5 Stlth+}
 59668 | Vaults:5 | Identified the +7 plate armour of the Comet {Int+5}
 59783 | Vaults:5 | Got a transparent golden ring
 59784 | Vaults:5 | Identified the ring "Uddiq" {+Fly rC- rN+++ Str+3 Int-3}
                  | (You found it on level 5 of the Vaults)
 59803 | Vaults:5 | Noticed an ancient lich
 59812 | Vaults:5 | Killed an ancient lich
 59813 | Vaults:5 | Reached skill level 25 in Invocations
 59846 | Vaults:5 | Got a silver rune of Zot
 59967 | Vaults:5 | Found Uqaeff's Weapon Shop.
 60584 | Zig:1    | Entered Level 1 of a ziggurat
 60605 | Zig:2    | Entered Level 2 of a ziggurat
 60630 | Zig:3    | Entered Level 3 of a ziggurat
 60654 | Zig:4    | Entered Level 4 of a ziggurat
 60683 | Zig:5    | Entered Level 5 of a ziggurat
 60731 | Zig:6    | Entered Level 6 of a ziggurat
 60739 | Zig:6    | Found the +6 arbalest "Damnation" {damnation}
 60759 | Zig:6    | Identified the +2 pair of boots of Sorcery {rElec rC+ rN+
                  | Str+4} (You found it on level 6 of a ziggurat)
 60774 | Zig:6    | Identified Sif Muna's Papyrus of Feathery Confrontation
 60777 | Zig:6    | Got a crude wooden ring
 60778 | Zig:6    | Identified the ring of Vasacoaq {rC+ rN+} (You found it on
                  | level 6 of a ziggurat)
 60793 | Zig:7    | Entered Level 7 of a ziggurat
 60847 | Zig:8    | Entered Level 8 of a ziggurat
 60876 | Zig:8    | Got a warped bronze ring
 60877 | Zig:8    | Identified the ring "Esoq" {Ice Str+3} (You found it on
                  | level 8 of a ziggurat)
 60905 | Zig:9    | Entered Level 9 of a ziggurat
 60959 | Zig:10   | Entered Level 10 of a ziggurat
 60964 | Zig:10   | Noticed Kacroriw the pandemonium lord
 60972 | Zig:10   | Killed Kacroriw the pandemonium lord
 61003 | Zig:11   | Entered Level 11 of a ziggurat
 61047 | Zig:11   | Identified the Catalogue of Creative Fascination
 61103 | Zig:12   | Entered Level 12 of a ziggurat
 61188 | Zig:13   | Entered Level 13 of a ziggurat
 61253 | Zig:13   | Identified the ring "Tulant" {EV+4 Int+2} (You found it on
                  | level 13 of a ziggurat)
 61690 | Tomb:1   | Entered Level 1 of the Tomb of the Ancients
 61975 | Tomb:1   | Identified the +1 tower shield of the Alphagorgon {rC-
                  | Regen+ rCorr Dex+4}
 61975 | Tomb:1   | Noticed Mennas
 61993 | Tomb:1   | Killed Mennas
 62115 | Tomb:1   | Noticed a royal mummy
 62126 | Tomb:1   | Noticed a royal mummy
 62127 | Tomb:1   | Killed a royal mummy
 62127 | Tomb:1   | Noticed a royal mummy
 62128 | Tomb:1   | Reached skill level 26 in Invocations
 62128 | Tomb:1   | Noticed a royal mummy
 62159 | Tomb:1   | Killed a royal mummy
 62294 | Tomb:1   | Killed a royal mummy
 62299 | Tomb:1   | Killed a royal mummy
 63244 | Pan      | Entered Pandemonium
 63344 | Pan      | Noticed Fivic the pandemonium lord
 63606 | Pan      | Reached skill level 27 in Invocations
 64401 | Pan      | Killed Fivic the pandemonium lord
 64457 | Pan      | Got a demonic rune of Zot
 64748 | Pan      | Found a glowing golden altar of the Shining One.
 64748 | Pan      | Noticed a seraph
 64817 | Pan      | Killed a seraph
 64821 | Pan      | Identified the +3 buckler of the Abyss {rElec rC++ Dex+2}
 64856 | Pan      | Identified the +4 helmet of Milo Iby {rElec rN+ Will+
                  | Str+2} (You found it in Pandemonium)
 64857 | Pan      | Identified the Incunabulum of Evil Rituals and the
                  | Traveller
 64864 | Pan      | Identified the +0 plate armour of a treasure trove {rC+}
                  | (You found it in Pandemonium)
 64886 | Depths:3 | Escaped Pandemonium
 64888 | Pan      | Entered Pandemonium
 65091 | Pan      | Noticed Pilaes the pandemonium lord
 65105 | Pan      | Killed Pilaes the pandemonium lord
 65140 | Pan      | The Shining One protects you from harm!
 65140 | Pan      | The Shining One protects you from harm!
 65140 | Pan      | Killed from afar by a hellion

Illustrated notes

Levels and vault maps discovered:
D:1:      giann_wishing_wells, layout_rooms, minmay_misc_feat_iff
D:2:      layout_basic, chequers_ecumenical_altar_twisty, nrook_mini_vaults
D:3:      layout_basic
D:4:      layout_layer_cave, minmay_shop_enchanted_jewellery,
          due_unseen_surprise
D:5:      corexii_shantytown, layout_basic, lemuel_crystal_altar,
          minmay_temple_entry_tees, grunt_decor_arrowhead, uniq_edmund
D:6:      old_forge, layout_basic
D:7:      layout_loops_ring, minmay_circle_x
D:8:      kennysheep_six_static_rooms, layout_basic, erik_lair_island,
          special_room [special_room_orc]
D:9:      layout_big_octagon, ebering_ghost_funeral_grove, serial_glass,
          glass_columns_a, glass_columns_a, basic_altar,
          chequers_serial_rivers_room_a, serial_bayou_pond_e
D:10:     layout_cave_pods, uniq_grum
D:11:     layout_long_grid
D:12:     layout_irregular_city, erik_orc_1, wad_floor_pattern_untrapped,
          fungi_pond_lemuel, chequers_mini_garden,
          minmay_fractal_squares_gapless_5
D:13:     layout_rooms, minmay_rotating_lava
D:14:     minmay_strange_plus, layout_rooms, david_vaults_4,
          nicolae_trove_entry_columns, roderic_lattice_a,
          gauntlet_entry_generic, minmay_door_square, fedhas_altar_fruit_tree,
          uniq_frances
D:15:     grunt_enter_depths_hoard, layout_irregular_city,
          minmay_misc_feat_roman, serial_shops, nicolae_shop_waterfront,
          nicolae_shop_waterfront, nicolae_shop_waterfront, nicolae_shop_trees,
          shop, uniq_nessos, uniq_rupert
Temple:   compressed_dpeg_circular_temple
Lair:1:   layout_regular_city, grunt_megastairs_2, lemuel_fruit_fields
Lair:2:   layout_loops_ring, palyth_hydra_swamp_entry, basic_altar, uniq_maggie
Lair:3:   layout_chaotic_city, spider_nest_entry_web_field
Lair:4:   layout_gridlike, chequers_serial_rivers_room_a,
          grunt_forest_small_clearing_treed
Lair:5:   layout_loops_ring, enter_volcano_2, lemuel_fruit_tree,
          grunt_megastairs_3
Lair:6:   gammafunk_lair_ancient_temple, layout_cave_pods, slime_altar_1
Swamp:1:  layout_basic_swamp, evilmike_swamp_ruin_rubble_2, swamp_pool2,
          infiniplex_staircase_pool
Swamp:2:  layout_falls_marsh, lemuel_altar_in_water
Swamp:3:  layout_basic_swamp, gammafunk_ghost_abyssal_escape,
          evilmike_swamp_ruin_house_4
Swamp:4:  swamp, layout_basic_swamp, uniq_kirke
Spider:1: layout_spider_delve, hangedman_spider_tarantella_strand, uniq_donald,
          uniq_asterion
Spider:2: layout_chambers, hangedman_spider_mandibles, uniq_louise
Spider:3: layout_spider_delve, hangedman_stitches_earthworm
Spider:4: spider_rune_water, nicolae_spider_ant_collections
Slime:1:  layout_caves
Slime:2:  layout_caves
Slime:3:  layout_caves
Slime:4:  layout_caves, nicolae_slime_round_cave
Slime:5
Orc:1:    emtedronai_trogs_sanctum, layout_diamond_mine, serial_shops,
          nicolae_shop_stone, uniq_erolcha
Orc:2:    st_orc_elflike, layout_diamond_mine, special_room, basic_altar
Elf:1:    eino_elf_arrival_the_gate, layout_gridlike, minmay_elf_necromancy,
          uniq_nikola
Elf:2:    layout_geoelf_octagon, dk_noncrumbling_2, minivault_25_ag
Elf:3:    elf_hall, layout_rooms, grunt_ministairs_5, minmay_shoptagon
Vaults:1: nicolae_vaults_network_quincunx
          [nicolae_vaults_network_quincunx_subvault,
          nicolae_vaults_network_quincunx_subvault,
          nicolae_vaults_network_quincunx_subvault,
          nicolae_vaults_network_quincunx_subvault,
          nicolae_vaults_network_quincunx_subvault], ontoclasm_vaults_gateway,
          hangedman_vaults_cutoff, hangedman_vaults_capsules,
          hangedman_vaults_unwind, grunt_vaults_twisty, v_misc_3,
          nicolae_vaults_rhombus_6, vaults_dpeg_hooks, v_misc_14,
          layout_vaults_omnigrid
Vaults:2: nicolae_vaults_rhombus_6, v_misc_33, grunt_vaults_hallway_long,
          grunt_vaults_focal, ontoclasm_vaults_ring_large, vaults_mumra_hex,
          nicolae_vaults_mini_display_case, ontoclasm_vaults_ligature,
          ontoclasm_vaults_ring_small, ontoclasm_vaults_fire_temple,
          nicolae_vaults_circle_grid_b, ontoclasm_vaults_twist,
          layout_vaults_omnicross
Vaults:3: biasface_vaults_ghost_orc_armoury, st_lines, vaults_room_pool,
          vaults_mumra_lcd, v_misc_5, v_misc_30, grunt_vaults_diagonal,
          minmay_crypt_entry_necro_gods, v_alt_pattern_1,
          vaults_mumra_minichess, v_misc_10, ontoclasm_vaults_spin,
          nicolae_vaults_network_quinsquares
          [nicolae_vaults_network_quincunx_subvault,
          nicolae_vaults_network_quincunx_subvault,
          nicolae_vaults_network_quincunx_subvault,
          nicolae_vaults_network_quincunx_subvault], layout_vaults_maze
Vaults:4: nicolae_vaults_network_square, v_alt_pattern_1,
          nicolae_vaults_stairing_the_circle, v_misc_22, v_rooms_4,
          vaults_room_semicircle, v_misc_1, nicolae_vaults_network_barrier,
          nicolae_vaults_big_ls, nicolae_vaults_little_squares_2,
          layout_vaults_omnibox, serial_shops, shop
Vaults:5
Crypt:1:  minmay_guarded_unrand_sceptre_of_torment, layout_chaotic_city,
          grunt_crypt_arrival_split, uniq_khufu
Crypt:2:  layout_basic, nrook_guardian_serpent_ordinary
Crypt:3:  church_of_pain_bobbens, layout_chaotic_city,
          nicolae_tomb_entry_unfolded_pyramid_orthogonal, lemuel_statue_altar,
          uniq_margery, uniq_saint_roka, uniq_sojobo
Tomb:1:   uniq_mennas
Depths:1: minmay_broken_ring, layout_small_grid, lemuel_crystal_altar,
          hell_entry, serial_shops, nicolae_shop_temple_entry_statues_fountains,
          shop, nicolae_shop_behind_doors, nicolae_shop_crystal, shop,
          hangedman_decor_points, kennysheep_underground_church
Depths:2: grunt_house_of_mirrors, layout_gridville, abyss_entry,
          ebering_ghost_inner_flame, chequers_serial_rivers_micro_e,
          grunt_hell_entry_dis_old, infiniplex_staircase_pool_1
Depths:3: grunt_profane_halls [grunt_profane_temple_geh,
          grunt_profane_temple_tar, grunt_profane_temple_dis,
          grunt_profane_temple_coc, grunt_profane_loot], hell_entry, pan_entry
Depths:4: minmay_the_grid_triangle_9x9_recursive_3
          [minmay_the_grid_triangle_9x9_pentomino_pain,
          minmay_the_grid_triangle_9x9_swiss_cheese,
          minmay_the_grid_triangle_9x9_tough_junction,
          minmay_the_grid_triangle_9x9_prize_special,
          minmay_the_grid_triangle_9x9_from_above,
          minmay_the_grid_triangle_9x9_alien,
          minmay_the_grid_triangle_9x9_odd_lines,
          minmay_the_grid_triangle_9x9_empty,
          minmay_the_grid_triangle_9x9_warning], layout_basic,
          grunt_mini_vestibule, serial_curves, eino_curves_03, eino_curves_02,
          serial_bayou_shore_b, abyss_entry_small_statue_room, hex_intersection,
          nicolae_lava_and_water, infiniplex_staircase_diamond
Depths:5: grunt_x_marks_the_spot, layout_basic, enter_ziggurat_a,
          serial_bayou_pond_a, pf_dread_powers_of_hell, uniq_boris
Hell
Pan:      grunt_pan_frozen_over, layout_grid_shapes, grunt_pan_zigzag,
          layout_irregular_city, regret_index_pan_draining_boxed,
          layout_cellular_growth, pan_blood_fountain, rand_demon_7,
          layout_small_grid, nicolae_pan_sigil_itan, evilmike_mini_pan_doors_b,
          layout_grid_shapes, evilmike_holy_pan, lemuel_hellion_island,
          layout_basic, special_room [special_room_demon_pit]

Skill      XL: |  1  2  3  4  5  6  7  8  9 10 11 12 13 14 15 16 17 18 19 20 21 22 23 24 25 26 27 |
---------------+----------------------------------------------------------------------------------+-----
Unarmed Combat | 3 4 5 6 7 8 9 10 12 13 14 15 16 18 19 22 24 | 24.8
Fighting       | 3 6 9 11 12 13 15 16 17 20 23 | 23.4
Armour         | 3 4 5 8 9 12 14 17 21 | 21.9
Dodging        | 2 5 6 7 9 12 | 12.6
Invocations    | 4 5 6 9 11 17 27 | 27.0
Shields        | 4 7 10 14 15 17 | 17.8
Evocations     | 3 5 8 |  8.8
Throwing       | 2 4 7 9 10 12 | 12.0

Action                   |  1- 3 |  4- 6 |  7- 9 | 10-12 | 13-15 | 16-18 | 19-21 | 22-24 | 25-27 || total
-------------------------+-------+-------+-------+-------+-------+-------+-------+-------+-------++-------
Melee: Unarmed           |    85 |   119 |   461 |   721 |  1031 |  1358 |   911 |  1431 |  3978 || 10095
       Bite              |    15 |    37 |   153 |   274 |   530 |   697 |   485 |   881 |  2185 ||  5257
Throw: Javelin           |       |       |       |       |       |    12 |    41 |     2 |    38 ||    93
Invok: Heroism           |       |       |       |     3 |     2 |     5 |     1 |     2 |     1 ||    14
       Finesse           |       |       |       |       |       |       |       |       |     2 ||     2
       Cleansing Flame   |       |       |       |       |       |       |       |       |    72 ||    72
       Divine Shield     |       |       |       |       |       |       |       |       |     1 ||     1
       Summon Divine War |       |       |       |       |       |       |       |       |     1 ||     1
Evoke: Wand              |       |       |       |       |     4 |       |     8 |       |     4 ||    16
       Condenser vane    |       |       |       |       |       |     1 |     1 |       |       ||     2
       Box of beasts     |       |       |       |       |       |       |     1 |       |       ||     1
       Phial of floods   |       |       |       |       |       |       |     1 |       |       ||     1
  Use: Scroll            |       |     7 |     6 |     2 |    12 |    14 |     2 |     9 |    35 ||    87
       Potion            |       |       |       |     2 |     2 |     3 |     2 |       |    12 ||    21
 Stab: Held in net/web   |       |       |     2 |       |       |       |       |       |       ||     2
       Paralysed         |       |       |       |       |     6 |       |     3 |       |       ||     9
Armor: Scale mail        |    35 |    20 |       |       |       |       |       |       |       ||    55
       Chain mail        |       |    34 |   179 |   111 |   283 |     1 |       |       |       ||   608
       Plate armour      |       |       |       |   236 |   112 |   627 |   365 |   267 |   217 ||  1824
       Gold dragon scale |       |       |       |       |       |       |       |       |  1377 ||  1377
Dodge: Dodged            |    18 |    37 |   170 |   367 |   467 |   547 |   342 |   414 |  1255 ||  3617
Block: Kite shield       |    30 |    59 |   225 |   455 |   360 |     2 |   602 |   859 |  2242 ||  4834
       Buckler           |       |       |       |       |   269 |   893 |       |       |       ||  1162
       Tower shield      |       |       |       |       |       |       |       |       |   648 ||   648

Table legend: (Time is in decaauts)
 A = Elapsed time spent in this place.
 B = Non-inter-level travel time spent in this place.
 C = Inter-level travel time spent in this place.
 D = Time resting spent in this place.
 E = Time spent auto-exploring this place.
 F = Levels seen in this place.
 G = Mean time per level.
                   A        B        C        D        E       F      G
               +--------+--------+--------+--------+--------+-----+--------+
         Total |  62900 |  53923 |   8977 |   2329 |  34124 |  87 |  723.0 |
       Dungeon |  17139 |  13285 |   3854 |    371 |   9299 |  15 | 1142.6 |
        Temple |    157 |     99 |     58 |      0 |     97 |   1 |  157.0 |
          Lair |   6169 |   5244 |    925 |    113 |   3889 |   6 | 1028.2 |
         Swamp |   3486 |   3247 |    239 |    378 |   1974 |   4 |  871.5 |
   Spider Nest |   4482 |   4189 |    293 |    276 |   2837 |   4 | 1120.5 |
    Slime Pits |    831 |    794 |     37 |     95 |      0 |   5 |  166.2 |
  Orcish Mines |   2243 |   1754 |    489 |     40 |   1085 |   2 | 1121.5 |
   Elven Halls |   3350 |   2886 |    464 |    107 |   1714 |   3 | 1116.7 |
        Vaults |   7718 |   6538 |   1180 |    225 |   4704 |   5 | 1543.6 |
         Crypt |   3197 |   2799 |    398 |    376 |   1579 |   3 | 1065.7 |
          Tomb |   1126 |   1045 |     81 |    132 |    629 |   1 | 1126.0 |
        Depths |   6782 |   5836 |    946 |     70 |   3947 |   5 | 1356.4 |
          Hell |    468 |    460 |      8 |      0 |    309 |   1 |  468.0 |
         Abyss |   2114 |   2114 |      0 |     73 |    803 |   9 |  234.9 |
   Pandemonium |   1765 |   1765 |      0 |      0 |    760 |   7 |  252.1 |
      Ziggurat |    587 |    587 |      0 |     70 |      0 |  13 |   45.2 |
         Trove |    121 |    121 |      0 |      0 |      0 |   1 |  121.0 |
       Volcano |    331 |    331 |      0 |      2 |    118 |   1 |  331.0 |
      Gauntlet |    824 |    824 |      0 |      0 |    377 |   1 |  824.0 |
               +--------+--------+--------+--------+--------+-----+--------+

Top non-repeatable levels by time:
    D:15: 1945 daAuts
Vaults:3: 1809 daAuts
Depths:4: 1794 daAuts
     D:8: 1721 daAuts
Vaults:1: 1697 daAuts
Vaults:2: 1604 daAuts
    D:12: 1590 daAuts
  Lair:6: 1477 daAuts
Vaults:4: 1447 daAuts
   Elf:3: 1443 daAuts
    D:14: 1440 daAuts
Depths:2: 1431 daAuts
    D:10: 1368 daAuts
     D:4: 1353 daAuts
Depths:3: 1342 daAuts
